EL
MONTGOMERY BISCUITS @ TRENTON THUNDER
08/16/2044
 
TOP OF THE 1ST
Montgomery Biscuits batting - Pitching for Trenton Thunder : RHP Leo Gonzales
Pitching: RHP Leo Gonzales
Batting: LHB Davion Lewis 0-0: Ball
1-0: Ball
2-0: Called Strike
2-1: Fly out, F8 (Flyball, 8LM, EV 95.0 MPH)
Batting: RHB Steve French 0-0: Ball
1-0: Ball
2-0: Ball
3-0: Called Strike
3-1: Base on Balls
Batting: RHB Wing-kit Bu 0-0: Ball
1-0: Foul Ball, location: 2F
1-1: Called Strike
1-2: Ball
2-2: Ball
3-2: Strikes out swinging
Batting: LHB David Seminario 0-0: Ball
1-0: Called Strike
1-1: Foul Ball, location: 2F
1-2: Foul Ball, location: 2F
1-2: TRIPLE (Flyball, 89XD, EV 95.0 MPH)
Steve French scores
Batting: SHB Brett McEwen 0-0: Swinging Strike
0-1: Ground out 4-3 (Groundball, 4D, EV 83.8 MPH)
Top of the 1st over - 1 run, 1 hit, 0 errors, 1 left on base; Montgomery 1 - Trenton 0
BOTTOM OF THE 1ST
Trenton Thunder batting - Pitching for Montgomery Biscuits : RHP Steve DiDomenico
Pitching: RHP Steve DiDomenico
Batting: RHB Jeremy Hathcock 0-0: Foul Ball, location: 2F
0-1: Ball
1-1: Ball
2-1: Fly out, F8 (Flyball, 89XD, EV 85.6 MPH)
Batting: SHB David Bantista 0-0: Called Strike
0-1: Foul Ball, location: 2F
0-2: Ball
1-2: Foul Ball, location: 2F
1-2: Foul Ball, location: 2F
1-2: Foul Ball, location: 2F
1-2: Foul Ball, location: 2F
1-2: Strikes out swinging
Batting: RHB Jeremy Lewis 0-0: Called Strike
0-1: Ball
1-1: Foul Ball, location: 2F
1-2: Ball
2-2: Foul Ball, location: 2F
2-2: Foul Ball, location: 2F
2-2: Ground out 6-3 (Groundball, 6MS, EV 83.1 MPH)
Bottom of the 1st over - 0 runs, 0 hits, 0 errors, 0 left on base; Montgomery 1 - Trenton 0
TOP OF THE 2ND
Montgomery Biscuits batting - Pitching for Trenton Thunder : RHP Leo Gonzales
Batting: LHB Barnabé Metrass 0-0: Called Strike
0-1: SOLO HOME RUN (Flyball, 7LD, EV 97.5 MPH), Distance : 381 ft
Batting: SHB Willie Koviak 0-0: Fly out, F7 (Flyball, 7S, EV 88.1 MPH)
Batting: RHB Sczlopy Hed 0-0: Ball
1-0: SINGLE (Flyball, 5D, EV 92.5 MPH)
Batting: RHB Devin Brown 0-0: Ball
1-0: Foul Ball, location: 2F
1-1: SINGLE (Line Drive, 89S, EV 113.1 MPH)
Sczlopy Hed to second
Runner from 2nd tries for 3rd, SAFE, throw by RF made to third
Batting: LHB Davion Lewis 0-0: Called Strike
0-1: Ball
1-1: Ball
2-1: Ball
Devin Brown steals 2nd, throwing error, E2
Sczlopy Hed scores
Devin Brown to third
3-1: Foul Ball, location: 2F
3-2: Foul Ball, location: 2F
3-2: Ground out 5-3 (Groundball, 56, EV 83.8 MPH)
Devin Brown scores
Batting: RHB Steve French 0-0: Called Strike
0-1: SINGLE (Flyball, 34D, EV 90.0 MPH)
Batting: RHB Wing-kit Bu 0-0: Swinging Strike
0-1: Ball
1-1: SINGLE (Groundball, 56S, EV 61.3 MPH) (infield hit)
Steve French to second
Batting: LHB David Seminario 0-0: Ball
1-0: Fly out, F8 (Line Drive, 8LM, EV 103.1 MPH)
Top of the 2nd over - 3 runs, 5 hits, 1 error, 2 left on base; Montgomery 4 - Trenton 0
BOTTOM OF THE 2ND
Trenton Thunder batting - Pitching for Montgomery Biscuits : RHP Steve DiDomenico
Batting: RHB Luis Balderas 0-0: Called Strike
0-1: Called Strike
0-2: Foul Ball, location: 2F
0-2: Foul Ball, location: 2F
0-2: Ball
1-2: Reached via error on a dropped throw from P, E3 (Groundball, 15S, EV 70.6 MPH)
Batting: RHB Hector Padilla 0-0: Ball
1-0: Called Strike
1-1: Fielders Choice at 2nd, 5-4 (Groundball, 56, EV 83.8 MPH)
Batting: RHB Stu Rancourt 0-0: Hit by Pitch
Hector Padilla to second
Batting: RHB Herb Craig 0-0: Ball
1-0: Ball
2-0: Ball
3-0: Base on Balls
Hector Padilla to third
Stu Rancourt to second
Batting: RHB Jose Garza 0-0: Ball
1-0: Foul Ball, location: 2F
1-1: SINGLE (Groundball, 34D, EV 98.8 MPH)
Hector Padilla scores
Stu Rancourt to third
Herb Craig to second
Runner from 3rd tries for Home, SAFE, throw by RF to home
Batting: SHB Roberto Castaneda 0-0: Ball
1-0: Fielders Choice at 2nd, 4-6 (Groundball, 4, EV 83.1 MPH)
Herb Craig to third
Batting: RHB Jeremy Hathcock 0-0: Ball
1-0: Fly out, F8 (Flyball, 8LM, EV 83.1 MPH)
Bottom of the 2nd over - 2 runs, 1 hit, 1 error, 2 left on base; Montgomery 4 - Trenton 2
TOP OF THE 3RD
Montgomery Biscuits batting - Pitching for Trenton Thunder : RHP Leo Gonzales
Batting: SHB Brett McEwen 0-0: Foul Ball, location: 2F
0-1: Ball
1-1: Ground out 3-1 (Groundball, 34S, EV 84.4 MPH)
Batting: LHB Barnabé Metrass 0-0: Foul Ball, location: 2F
0-1: Ball
1-1: Called Strike
1-2: Foul Ball, location: 2F
1-2: Strikes out swinging
Batting: SHB Willie Koviak 0-0: Fly out, F3 (Popup, 3, EV 63.1 MPH)
Top of the 3rd over - 0 runs, 0 hits, 0 errors, 0 left on base; Montgomery 4 - Trenton 2
BOTTOM OF THE 3RD
Trenton Thunder batting - Pitching for Montgomery Biscuits : RHP Steve DiDomenico
Batting: SHB David Bantista 0-0: Called Strike
0-1: Swinging Strike
0-2: Ball
1-2: Strikes out swinging
Batting: RHB Jeremy Lewis 0-0: Fly out, F4 (Popup, 4S, EV 70.6 MPH)
Batting: RHB Luis Balderas 0-0: Ball
1-0: Foul Ball, location: 2F
1-1: Foul Ball, location: 2F
1-2: Foul Ball, location: 2F
1-2: Ball
2-2: Ball
3-2: DOUBLE (Line Drive, 9LM, EV 105.6 MPH)
Batting: RHB Hector Padilla 0-0: Ball
1-0: Swinging Strike
1-1: Ground out 6-3 (Groundball, 6, EV 89.4 MPH)
Bottom of the 3rd over - 0 runs, 1 hit, 0 errors, 1 left on base; Montgomery 4 - Trenton 2
TOP OF THE 4TH
Montgomery Biscuits batting - Pitching for Trenton Thunder : RHP Leo Gonzales
Batting: RHB Sczlopy Hed 0-0: Called Strike
0-1: Ball
1-1: Ball
2-1: Foul Ball, location: 2F
2-2: Ball
3-2: Strikes out looking
Batting: RHB Devin Brown 0-0: Ground out 3-1 (Groundball, 34S, EV 83.8 MPH)
Batting: LHB Davion Lewis 0-0: SINGLE (Groundball, 6S, EV 73.1 MPH) (infield hit)
Batting: RHB Steve French 0-0: Called Strike
0-1: Ball
1-1: Ball
2-1: Foul Ball, location: 2F
2-2: Fly out, F8 (Flyball, 8LS, EV 83.8 MPH)
Top of the 4th over - 0 runs, 1 hit, 0 errors, 1 left on base; Montgomery 4 - Trenton 2
BOTTOM OF THE 4TH
Trenton Thunder batting - Pitching for Montgomery Biscuits : RHP Steve DiDomenico
Batting: RHB Stu Rancourt 0-0: Ball
1-0: Single, Error in OF, E9, batter to second base (Groundball, 34D, EV 108.1 MPH)
Batting: RHB Herb Craig 0-0: Fly out, F8 (Flyball, 8LD, EV 103.8 MPH)
Runner from 2nd tags up, SAFE at 3rd with throw by CF
Batting: RHB Jose Garza 0-0: Called Strike
0-1: Swinging Strike
0-2: Ball
1-2: SINGLE (Flyball, 8LM, EV 92.5 MPH)
Stu Rancourt scores
Batting: SHB Roberto Castaneda 0-0: Called Strike
0-1: Swinging Strike
0-2: Ball
1-2: Grounds into double play, 4-6-3 (Groundball, 4, EV 98.8 MPH)
Bottom of the 4th over - 1 run, 2 hits, 1 error, 0 left on base; Montgomery 4 - Trenton 3
TOP OF THE 5TH
Montgomery Biscuits batting - Pitching for Trenton Thunder : RHP Leo Gonzales
Batting: RHB Wing-kit Bu 0-0: Swinging Strike
0-1: Ball
1-1: Ball
2-1: Foul Ball, location: 2F
2-2: SINGLE (Groundball, 4D, EV 100.6 MPH)
Batting: LHB David Seminario 0-0: Called Strike
0-1: Ball
Wing-kit Bu steals 2nd, throwing error, E2
Wing-kit Bu to third
1-1: Ball
2-1: Ball
3-1: Base on Balls
Batting: SHB Brett McEwen 0-0: Called Strike
0-1: Ball
1-1: Swinging Strike
1-2: Ball
2-2: Strikes out looking
Batting: LHB Barnabé Metrass 0-0: Ball
1-0: Called Strike
1-1: Foul Ball, location: 2F
1-2: Ball
2-2: Foul Ball, location: 2F
2-2: Strikes out swinging
Batting: SHB Willie Koviak 0-0: Ball
1-0: Ball
2-0: Called Strike
2-1: Called Strike
2-2: Ground out 4-3 (Groundball, 4, EV 96.3 MPH)
Top of the 5th over - 0 runs, 1 hit, 1 error, 2 left on base; Montgomery 4 - Trenton 3
BOTTOM OF THE 5TH
Trenton Thunder batting - Pitching for Montgomery Biscuits : RHP Steve DiDomenico
Batting: RHB Jeremy Hathcock 0-0: Foul Ball, location: 2F
0-1: Reached via error on a dropped throw from 1B, E1 (Groundball, 34, EV 100.0 MPH)
Batting: SHB David Bantista 0-0: Called Strike
0-1: Called Strike
0-2: Ball
1-2: Foul Ball, location: 2F
1-2: Strikes out looking
Batting: RHB Jeremy Lewis 0-0: Ball
Jeremy Hathcock steals 2nd base
1-0: Ball
2-0: Foul Ball, location: 2F
2-1: Ball
Wild Pitch!
Jeremy Hathcock to third
3-1: Foul Ball, location: 2F
3-2: Ground out 6-3 (Groundball, 6MS, EV 73.8 MPH)
Batting: RHB Luis Balderas 0-0: SINGLE (Line Drive, 89M, EV 103.1 MPH)
Jeremy Hathcock scores
Batting: RHB Hector Padilla 0-0: Called Strike
0-1: Ball
1-1: Fielders Choice at 2nd, 6-4 (Groundball, 6, EV 85.6 MPH)
Bottom of the 5th over - 1 run, 1 hit, 1 error, 1 left on base; Montgomery 4 - Trenton 4
TOP OF THE 6TH
Montgomery Biscuits batting - Pitching for Trenton Thunder : RHP Leo Gonzales
Batting: RHB Sczlopy Hed 0-0: Ball
1-0: Ball
2-0: Ball
3-0: Base on Balls
Pitching: LHP Travis Lowy
Batting: RHB Devin Brown 0-0: Called Strike
0-1: Reached on error, E7 (Flyball, 7, EV 73.8 MPH)
Sczlopy Hed to second
Batting: LHB Davion Lewis 0-0: Ball
1-0: Ball
2-0: Ball
3-0: Called Strike
3-1: Fly out, F6 (Popup, 6M, EV 72.5 MPH)
Batting: RHB Steve French 0-0: Foul Ball, location: 2F
0-1: Ball
1-1: Ball
2-1: Ball
3-1: Fly out, F8 (Line Drive, 8RD, EV 83.1 MPH)
Batting: RHB Wing-kit Bu 0-0: Called Strike
0-1: Called Strike
0-2: Ball
1-2: Fly out, F9 (Flyball, 9D, EV 98.8 MPH)
Top of the 6th over - 0 runs, 0 hits, 1 error, 2 left on base; Montgomery 4 - Trenton 4
BOTTOM OF THE 6TH
Trenton Thunder batting - Pitching for Montgomery Biscuits : RHP Steve DiDomenico
Batting: RHB Stu Rancourt 0-0: Ball
1-0: Ball
2-0: Ball
3-0: Base on Balls
Batting: RHB Herb Craig 0-0: Called Strike
0-1: Ball
1-1: Foul Ball, location: 2F
1-2: Strikes out swinging
Batting: RHB Jose Garza 0-0: Called Strike
0-1: Swinging Strike
0-2: Ball
1-2: Ball
2-2: Strikes out swinging
Batting: SHB Roberto Castaneda 0-0: Called Strike
0-1: Ball
1-1: Foul Ball, location: 2F
1-2: Ball
2-2: Ball
3-2: Base on Balls
Stu Rancourt to second
Batting: RHB Jeremy Hathcock 0-0: Swinging Strike
0-1: SINGLE (Groundball, 6D, EV 95.0 MPH)
Stu Rancourt to third
Roberto Castaneda to second
Runner from 3rd tries for Home, SAFE, throw by CF to home
Pitching: RHP Joey Morrison
Pinch Runner at 2nd Bobby Reynolds:
Batting: SHB David Bantista 0-0: Ball
1-0: Foul Ball, location: 2F
1-1: Foul Ball, location: 2F
1-2: Ball
2-2: Strikes out swinging
Bottom of the 6th over - 1 run, 1 hit, 0 errors, 2 left on base; Montgomery 4 - Trenton 5
TOP OF THE 7TH
Montgomery Biscuits batting - Pitching for Trenton Thunder : LHP Travis Lowy
Now at 3B: Herb Craig
Now in RF: Bobby Reynolds
Batting: LHB David Seminario 0-0: Ball
1-0: Ball
2-0: Foul Ball, location: 2F
2-1: Ball
3-1: Foul Ball, location: 2F
3-2: Strikes out swinging
Batting: SHB Brett McEwen 0-0: Foul Ball, location: 2F
0-1: Ball
1-1: Ball
2-1: Ball
3-1: Base on Balls
Batting: LHB Barnabé Metrass 0-0: Ball
1-0: Grounds into double play, 4-6-3 (Groundball, 4, EV 100.0 MPH)
Top of the 7th over - 0 runs, 0 hits, 0 errors, 0 left on base; Montgomery 4 - Trenton 5
BOTTOM OF THE 7TH
Trenton Thunder batting - Pitching for Montgomery Biscuits : RHP Joey Morrison
Batting: RHB Jeremy Lewis 0-0: Foul Ball, location: 2F
0-1: Swinging Strike
0-2: Ball
1-2: Ball
2-2: Foul Ball, location: 2F
2-2: Fly out, F9 (Flyball, 9LS, EV 91.3 MPH)
Batting: RHB Luis Balderas 0-0: Foul Ball, location: 2F
0-1: Foul Ball, location: 2F
0-2: Foul Ball, location: 2F
0-2: Ball
1-2: Ball
2-2: Ball
3-2: Ground out 5-3 (Groundball, 5, EV 86.3 MPH)
Batting: RHB Hector Padilla 0-0: Ball
1-0: Ball
2-0: Ball
3-0: Base on Balls
Batting: RHB Stu Rancourt 0-0: Ball
1-0: Ball
2-0: Swinging Strike
2-1: Ball
Hector Padilla steals 2nd base
3-1: Foul Ball, location: 2F
3-2: Strikes out swinging
Bottom of the 7th over - 0 runs, 0 hits, 0 errors, 1 left on base; Montgomery 4 - Trenton 5
TOP OF THE 8TH
Montgomery Biscuits batting - Pitching for Trenton Thunder : LHP Travis Lowy
Pitching: LHP U-suk Leem
Batting: SHB Willie Koviak 0-0: Called Strike
0-1: Ball
1-1: Ball
2-1: SOLO HOME RUN (Flyball, 7D, EV 104.4 MPH), Distance : 433 ft
Batting: RHB Sczlopy Hed 0-0: Foul Ball, location: 2F
0-1: Called Strike
0-2: Ball
1-2: Ball
2-2: Fly out, F4 (Popup, 13S, EV 84.4 MPH)
Batting: RHB Devin Brown 0-0: Ball
1-0: Called Strike
1-1: Fly out, F9 (Flyball, 9D, EV 108.8 MPH)
Batting: LHB Davion Lewis 0-0: Ball
1-0: Foul Ball, location: 2F
1-1: Ball
2-1: Foul Ball, location: 2F
2-2: Foul Ball, location: 2F
2-2: Fly out, F8 (Line Drive, 8LM, EV 97.5 MPH)
Top of the 8th over - 1 run, 1 hit, 0 errors, 0 left on base; Montgomery 5 - Trenton 5
BOTTOM OF THE 8TH
Trenton Thunder batting - Pitching for Montgomery Biscuits : RHP Joey Morrison
Pitching: RHP Josh Heath
Batting: RHB Herb Craig 0-0: Ball
1-0: Swinging Strike
1-1: Called Strike
1-2: Strikes out swinging
Batting: RHB Jose Garza 0-0: Ball
1-0: Called Strike
1-1: Ball
2-1: Called Strike
2-2: Strikes out looking
Batting: SHB Bobby Reynolds 0-0: Fly out, F8 (Line Drive, 8RD, EV 91.3 MPH)
Bottom of the 8th over - 0 runs, 0 hits, 0 errors, 0 left on base; Montgomery 5 - Trenton 5
TOP OF THE 9TH
Montgomery Biscuits batting - Pitching for Trenton Thunder : LHP U-suk Leem
Pitching: RHP Jeff Katechis
Batting: RHB Steve French 0-0: Called Strike
0-1: Foul Ball, location: 2F
0-2: Ball
1-2: Foul Ball, location: 2F
1-2: Foul Ball, location: 2F
1-2: Foul Ball, location: 2F
1-2: Foul Ball, location: 2F
1-2: Ball
2-2: Ground out U3 (Groundball, 13, EV 88.8 MPH)
Batting: RHB Wing-kit Bu 0-0: Ball
1-0: Ball
2-0: Called Strike
2-1: Ball
3-1: Swinging Strike
3-2: Fly out, F9 (Flyball, 9, EV 91.3 MPH)
Batting: LHB David Seminario 0-0: Ball
1-0: Ball
2-0: Ground out 4-3 (Groundball, 4S, EV 64.4 MPH)
Top of the 9th over - 0 runs, 0 hits, 0 errors, 0 left on base; Montgomery 5 - Trenton 5
BOTTOM OF THE 9TH
Trenton Thunder batting - Pitching for Montgomery Biscuits : RHP Josh Heath
Pitching: LHP Sam Wesman
Batting: RHB Jeremy Hathcock 0-0: Called Strike
0-1: Ball
1-1: Swinging Strike
1-2: Ground out 5-3 (Groundball, 5S, EV 86.9 MPH)
Batting: SHB David Bantista 0-0: Foul Ball, location: 2F
0-1: Called Strike
0-2: Ball
1-2: Ball
2-2: Foul Ball, location: 2F
2-2: Ball
3-2: Base on Balls
Batting: RHB Jeremy Lewis 0-0: Ball
1-0: Ball
2-0: DOUBLE (Line Drive, 9LM, EV 101.9 MPH)
David Bantista to third
Runner from 3rd tries for Home, SAFE, throw by RF to home
Bottom of the 9th over - 1 run, 1 hit, 0 errors, 0 left on base; Montgomery 5 - Trenton 6
Game Over ... Trenton defeats Montgomery, 6 to 5
Thursday, March 31st , 2022 - OOTP Baseball 22.12 Build 89